 Seeded DCSS version 0.31-a0-271-gb88eb75e06 (webtiles) character file.

Game seed: 14215367866634240820 (custom seed)

7632 innerfire43 the Reanimator (level 10, -4/77 HPs)
             Began as a Demonspawn Monk on July 14, 2023.
             Was an Elder of Cheibriados.
             Slain by a two-headed ogre
             ... wielding a +0 giant club
              (24 damage)
             ... on level 11 of the Dungeon.
             The game lasted 00:19:32 (8181 turns).

innerfire43 the Reanimator (Demonspawn Monk)        Turns: 8181, Time: 00:19:33

Health: -4/77      AC: 14    Str: 21    XL:     10   Next: 98%
Magic:  17/17      EV: 18    Int: 26    God:    Cheibriados [****..]
Gold:   1124       SH:  8    Dex: 24    Spells: 16/19 levels left

rFire   . . .        a - +1 long sword "Demon's Foe" {pain, *Slow rPois Str-4 Int+5}
rCold   . . .        d - orb {light}
rNeg    . . .        u - +4 troll leather armour {Pargi}
rPois   +            (helmet restricted)
rElec   .            (no cloak)
rCorr   +            I - +0 pair of gloves
SInv    .            m - +0 pair of boots
Will    .....        O - amulet of magic regeneration
Stlth   +            L - ring of poison resistance
HPRegen 1.12/turn    o - ring of resist corrosion
MPRegen 0.55/turn

%: slow self (1%)
@: on berserk cooldown, slowed, glowing, very slow
A: horns 1, large bone plates 1, demonic guardian 2, icemail 1, condensation
shield
a: Renounce Religion, Bend Time, Temporal Distortion, Slouch


You were on level 11 of the Dungeon.
You worshipped Cheibriados.
Cheibriados was greatly pleased with you.
You visited 2 branches of the dungeon, and saw 12 of its levels.
You also visited: Sewer.

You collected 1464 gold pieces.
You spent 340 gold pieces at shops.

Inventory:

Hand Weapons
 a - the +1 long sword "Demon's Foe" (weapon) {pain, *Slow rPois Str-4 Int+5}
   (You found it on level 6 of the Dungeon)

   Str:       It affects your strength (-4).
   Int:       It affects your intelligence (+5).
   rPois:     It protects you from poison.
   *Slow:     It may slow you when you take damage.
 b - a +3 orcbow of freezing
 p - a +0 war axe
 y - a +0 hand axe
 M - a +4 great sword
Missiles
 h - 4 silver javelins
Armour
 d - an orb of light (worn)
 i - a +2 helmet
 m - a +0 pair of boots (worn)
 u - a +4 troll leather armour (worn) {Pargi}
 H - a +0 robe
 I - a +0 pair of gloves (worn)
 N - +0 steam dragon scales
 P - a +1 scale mail of positive energy
Jewellery
 j - a ring of flight
 o - a ring of resist corrosion (right hand)
 F - a ring of see invisible
 L - a ring of poison resistance (left hand)
 O - an amulet of magic regeneration (around neck)
Talismans
 x - a serpent talisman
Wands
 r - a wand of roots (19)
 s - a wand of polymorph (26)
 t - a wand of mindburst (19)
 z - a wand of quicksilver (17)
 E - a wand of paralysis (22)
 Q - a wand of flame (35)
Scrolls
 e - 2 scrolls of enchant weapon {unknown}
 f - 3 scrolls of fog {unknown}
 k - a scroll of blinking
 l - a scroll of amnesia
 A - 3 scrolls of vulnerability {unknown}
 C - a scroll of summoning {unknown}
 D - a scroll of poison
 G - a scroll of fear {unknown}
 R - a scroll of revelation {unknown}
 S - a scroll of teleportation
 T - 2 scrolls of identify
Potions
 c - a potion of ambrosia
 g - 3 potions of curing
 n - a potion of degeneration
 q - a potion of berserk rage
 v - a potion of lignification
 w - a potion of attraction
 B - 2 potions of haste
 J - 3 potions of brilliance
 K - 2 potions of might


   Skills:
 - Level 6.4 Fighting
 - Level 5.0 Long Blades
 - Level 5.8 Axes
 - Level 3.1 Ranged Weapons
 + Level 8.1 Dodging
 - Level 5.0 Spellcasting
 * Level 9.5 Necromancy


You had 16 spell levels left.
You knew the following spells:

 Your Spells              Type           Power      Damage    Failure   Level
a - Necrotise             Necr           100%       1d9       1%          1
b - Wereblood             Tmut           6%         N/A       13%         2

Your spell library contained the following spells:

 Spells                   Type           Power      Damage    Failure   Level
 Sublimation of Blood     Necr           54%        N/A       1%          2
 Apportation              Tloc           12%        N/A       9%          1
 Sandblast                Erth           12%        2d6       9%          1
 Summon Small Mammal      Summ           24%        N/A       9%          1
 Passwall                 Tmut/Erth      5%         N/A       13%         2
 Gell's Gravitas          Tloc           6%         N/A       26%         3
 Stone Arrow              Conj/Erth      12%        3d7       26%         3
 Teleport Other           Tloc           6%         N/A       26%         3
 Petrify                  Tmut/Erth      6%         N/A       65%         4
 Fireball                 Conj/Fire      3%         3d4       94%         5
 Irradiate                Conj/Tmut      3%         3d12      94%         5
 Iskenderun's Battlesphe  Conj           6%         2d6       94%         5
 Conjure Ball Lightning   Conj/Air       3%         3x3d6     100%        6
 Dispersal                Tloc           3%         N/A       100%        6
 Orb of Destruction       Conj           3%         9d5       100%        7
 Summon Hydra             Summ           3%         N/A       100%        7


Dungeon Overview and Level Annotations

Branches:
Dungeon (11/15)            Temple (1/1) D:7            Lair (0/5) D:9
    Orc (0/2) D:9           Sewer (visited)

Altars:
Cheibriados
Fedhas
Gozag
Kikubaaqudgha
Nemelex Xobeh
Qazlal
Ru
Sif Muna
Trog
Uskayaw
Vehumet
Yredelemnul

Shops:
D:4 [   D:5 *   D:7 *   D:9 !


Innate Abilities, Weirdness & Mutations

You have a pair of small horns on your head.
You are partially covered in large bone plates. (SH +4)
A demonic guardian rushes to your aid.
A meltable icy envelope protects you from harm. (AC +4)
A meltable shield of frost defends you. (SH +4)


Message History

You bump into the rock wall.
The unseen horror hits you.
The unseen horror hits you but does no damage.
The two-headed ogre hits you with a +0 giant club!
* * * LOW HITPOINT WARNING * * *
A demonic guardian appears!
The two-headed ogre closely misses you.
A vampire mosquito comes into view.
You feel your anger nearly subside.
You feel less invigorated.
You feel less confused.
You are no longer berserk.
You are exhausted.
You feel yourself slow down.
Your primal bloodlust is almost over.
The vampire mosquito buzzes angrily.
The unseen horror hits your rust devil but does no damage.
The two-headed ogre hits your rust devil with a +0 giant club!!
The two-headed ogre hits your rust devil with a +0 giant club.
Your rust devil barely misses the two-headed ogre.
The unseen horror misses your rust devil.
The unseen horror hits you but does no damage.
A vampire mosquito comes into view.
A yak comes into view. x2
Your rust devil hits the two-headed ogre.
Your rust devil corrodes the two-headed ogre!
The vampire mosquito bites you but does no damage.
The two-headed ogre barely misses your rust devil.
The two-headed ogre hits your rust devil with a +0 giant club!!
Your rust devil dies!
Your rust devil disappears in a puff of smoke!
You block the vampire mosquito's attack.
The yak gores you.
* * * LOW HITPOINT WARNING * * *
The vampire mosquito closely misses you.
You howl as the wereblood boils in your veins!
Your primal bloodlust has ended.
The yak bellows!
The unseen horror hits you but does no damage. x2
You block the vampire mosquito's attack.
The vampire mosquito completely misses you.
The two-headed ogre closely misses you.
The two-headed ogre hits you with a +0 giant club!!
You die...

##............
##.#..###.......
##........
#.........
......>..
......?.Y
###..#..Y.. .
###.yyY.^....
....#)§O@.#
....$...§#.#
.....#.x##.#
.#.. #...... #.
......... ..
.....##....
....###.##.....
..# #.##.##...
.. #.


You could see a two-headed ogre (corroded), 2 yaks, an unseen horror (invisible)
and 2 vampire mosquitoes.

Vanquished Creatures
  2 two-headed ogres
  Pikel (D:7)
  Maggie (D:7)
  A hornet (D:9)
  8 yaks
  A shadow (D:10)
  A wyvern (D:8)
  2 steam dragons
  2 water moccasins
  Duvessa (D:7)
  2 ice beasts
  2 sky beasts
  3 black bears
  3 orc warriors
  A centaur (D:8)
  A kobold brigand (D:8)
  A phantom (D:5)
  3 scorpions
  2 gnoll sergeants
  3 wights (D:7)
  Dowan (D:7)
  9 killer bees
  A howler monkey (D:9)
  4 hounds
  3 orc priests
  3 iguanas
  Ijyb (D:4)
  3 orc wizards
  12 gnolls
  4 adders
  A white imp (D:7)
  2 worms
  2 dart slugs
  23 orcs
  9 ball pythons
  9 endoplasms
  8 giant cockroaches
  9 goblins
  6 hobgoblins
  6 jackals (D:1)
  13 kobolds
  10 quokkas
  5 bats
  6 frilled lizards
  4 rats
195 creatures vanquished.

Vanquished Creatures (collateral kills)
  A hornet (D:10)
  Pargi (Sewer)
  A bullfrog (D:9)
  5 wights (D:7)
  A hound (D:7)
  An orc priest (D:9)
  Terence (D:3)
  An orc wizard (D:8)
  A white imp (D:6)
  2 orcs (D:6)
  An endoplasm (D:1)
  A kobold (D:4)
  A ball python (D:4)
18 creatures vanquished.

Grand Total: 213 creatures vanquished

Notes
Turn   | Place    | Note
-------+----------+-------------------------------------------
     0 | D:1      | innerfire43 the Demonspawn Monk began the quest for the
                  | Orb.
     0 | D:1      | Reached XP level 1. HP: 18/18 MP: 1/1
    51 | D:1      | Gained mutation: A weak demonic guardian rushes to your
                  | aid. [demonic ancestry]
    51 | D:1      | Reached XP level 2. HP: 7/24 MP: 2/2
   554 | D:1      | Reached XP level 3. HP: 25/29 MP: 3/3
  1267 | D:2      | Gained mutation: A demonic guardian rushes to your aid.
                  | [demonic ancestry]
  1267 | D:2      | Reached XP level 4. HP: 25/35 MP: 4/4
  1748 | D:3      | Noticed Terence
  1770 | D:3      | Killed Terence
  1771 | D:3      | Reached XP level 5. HP: 6/41 MP: 5/5
  2312 | D:3      | Identified a scroll of acquirement
  2312 | D:3      | Acquired 921 gold pieces
  2848 | D:4      | Found Junwutirr's Armour Shoppe.
  2936 | D:4      | Noticed Ijyb
  2953 | D:4      | Killed Ijyb
  3151 | D:4      | Noticed a black bear
  3163 | D:4      | Killed a black bear
  3164 | D:4      | Reached XP level 6. HP: 28/48 MP: 6/6
  3371 | D:4      | Found a glowing drain.
  3389 | Sewer    | Entered a sewer
  3426 | Sewer    | Noticed Pargi
  3437 | Sewer    | Killed Pargi
  3750 | D:4      | Reached skill level 5 in Axes
  3750 | D:4      | Reached skill level 5 in Dodging
  3750 | D:4      | Gained mutation: A meltable shield of frost defends you.
                  | (SH +4) [demonic ancestry]
  3750 | D:4      | Reached XP level 7. HP: 53/55 MP: 7/7
  4163 | D:5      | Entered Level 5 of the Dungeon
  4184 | D:5      | Found Ucuimn's Serpentskin Sales.
  4190 | D:5      | Reached skill level 5 in Fighting
  4481 | D:5      | Gained mutation: You are partially covered in large bone
                  | plates. (SH +4) [demonic ancestry]
  4481 | D:5      | Reached XP level 8. HP: 47/64 MP: 8/8
  4945 | D:6      | Identified the +1 long sword "Demon's Foe" {pain, *Slow
                  | rPois Str-4 Int+5}
  4964 | D:6      | Learned a level 1 spell: Necrotise
  5205 | D:6      | Reached skill level 1 in Necromancy
  5335 | D:6      | Reached skill level 1 in Long Blades
  5335 | D:6      | Reached skill level 1 in Spellcasting
  5411 | D:7      | Found Jeemya's Assorted Antiques.
  5422 | D:7      | Bought a runed orcbow for 201 gold pieces
  5422 | D:7      | Bought a pair of gloves for 139 gold pieces
  5494 | D:7      | Noticed Maggie
  5502 | D:7      | Killed Maggie
  5503 | D:7      | Reached skill level 1 in Ranged Weapons
  5503 | D:7      | Reached skill level 2 in Necromancy
  5574 | D:7      | Reached skill level 3 in Necromancy
  5605 | D:7      | Gained mutation: You have a pair of small horns on your
                  | head. [demonic ancestry]
  5605 | D:7      | Reached XP level 9. HP: 28/71 MP: 11/13
  5659 | D:7      | Noticed Dowan
  5661 | D:7      | Noticed Duvessa
  5667 | D:7      | Killed Duvessa
  5677 | D:7      | Killed Dowan
  5685 | D:7      | Found a staircase to the Ecumenical Temple.
  5707 | Temple   | Entered the Ecumenical Temple
  5734 | Temple   | Became a worshipper of Cheibriados the Contemplative
  5734 | Temple   | Reached * piety under Cheibriados
  5734 | Temple   | Reached ** piety under Cheibriados
  5792 | D:7      | Reached skill level 4 in Necromancy
  5924 | D:7      | Reached skill level 5 in Necromancy
  6064 | D:7      | Noticed Pikel
  6073 | D:7      | Killed Pikel
  6217 | D:8      | Gained mutation: A meltable icy envelope protects you from
                  | harm. (AC +4) [demonic ancestry]
  6217 | D:8      | Reached XP level 10. HP: 77/77 MP: 14/17
  6392 | D:8      | Reached skill level 5 in Spellcasting
  6442 | D:8      | Reached skill level 6 in Necromancy
  6521 | D:8      | Reached *** piety under Cheibriados
  6550 | D:8      | Reached skill level 5 in Long Blades
  6840 | D:9      | Found a sacrificial altar of Ru.
  6843 | D:9      | Found an ancient bone altar of Kikubaaqudgha.
  6843 | D:9      | Found a hide-covered altar of Uskayaw.
  6844 | D:9      | Found a sparkling altar of Nemelex Xobeh.
  6844 | D:9      | Found a basalt altar of Yredelemnul.
  6911 | D:9      | Found a staircase to the Lair.
  6985 | D:9      | Reached skill level 7 in Necromancy
  7080 | D:9      | Found Luocluk's Distillery.
  7475 | D:9      | Found a staircase to the Orcish Mines.
  7541 | D:10     | Entered Level 10 of the Dungeon
  7550 | D:10     | Reached **** piety under Cheibriados
  7567 | D:10     | Reached skill level 8 in Necromancy
  7675 | D:10     | Identified the +1 rapier of Havoc {holy, rPois rF- Dex+6
                  | Stlth+}
  7686 | D:10     | Noticed a two-headed ogre
  7702 | D:10     | Killed a two-headed ogre
  7790 | D:10     | Reached skill level 9 in Necromancy
  7865 | D:10     | Learned a level 2 spell: Wereblood
  8167 | D:11     | Noticed a two-headed ogre
  8174 | D:11     | Killed a two-headed ogre
  8174 | D:11     | Noticed a two-headed ogre
  8181 | D:11     | Slain by a two-headed ogre

Illustrated notes

Levels and vault maps discovered:
D:1:      dpeg_arrival_castle, layout_basic, serial_forest,
          infiniplex_forest_straight_2, infiniplex_forest_straight_3,
          infiniplex_forest_clump_double, infiniplex_forest_lined_1,
          infiniplex_forest_clump_small, infiniplex_forest_straight_2,
          infiniplex_forest_lined_3_way
D:2:      layout_rooms
D:3:      layout_basic, general_overflow_altar, uniq_terence
D:4:      minmay_chambers_of_fours, layout_loops_ring, gup_sewer_entry_pipe,
          serial_shops, shop, uniq_ijyb
D:5:      layout_basic, guppyfry_shop_venom
D:6:      layout_rooms
D:7:      layout_rooms, minmay_temple_entry_hall, serial_shops,
          nicolae_shop_overgrown_old_shop, uniq_pikel, uniq_maggie, uniq_duvessa
D:8:      layout_cave_pools
D:9:      layout_basic, grunt_temple_overflow_open, lair_entry_dummy,
          serial_shops, shop
D:10:     layout_rooms
D:11:     layout_rooms, hangedman_abyss_or_decor_slice
Temple:   nicolae_temple_elliptical

Skill      XL: |  1  2  3  4  5  6  7  8  9 10 |
---------------+-------------------------------+-----
Axes           | 3 4 5 |  5.8
Dodging        | 3 4 5 6 8 |  8.1
Fighting       | 4 6 |  6.4
Necromancy     | 3 5 9 |  9.5
Long Blades    | 2 4 5 |  5.0
Spellcasting   | 2 4 5 |  5.0
Ranged Weapons | 1 3 |  3.1

Action                     |  1- 3 |  4- 6 |  7- 9 | 10-12 || total
---------------------------+-------+-------+-------+-------++-------
  Melee: Hand axe          |    87 |    69 |       |       ||   156
         War axe           |       |   120 |    75 |       ||   195
         Long sword        |       |       |   115 |   144 ||   259
         Headbutt          |       |       |    15 |    26 ||    41
         Punch             |       |       |       |     3 ||     3
   Fire: Orcbow            |       |       |    46 |       ||    46
  Throw: Javelin           |     4 |     7 |       |       ||    11
   Cast: Necrotise         |       |       |     1 |    66 ||    67
         Wereblood         |       |       |       |     1 ||     1
    Use: Scroll            |       |     2 |    16 |       ||    18
         Potion            |       |       |       |     7 ||     7
 Armour: Robe              |    14 |    62 |       |       ||    76
         Troll leather arm |       |     7 |    52 |    85 ||   144
  Dodge: Dodged            |    74 |   156 |   140 |   235 ||   605
  Block: Orb               |       |       |    31 |    67 ||    98
         Other             |       |       |    30 |    38 ||    68

Table legend: (Time is in decaauts)
 A = Elapsed time spent in this place.
 B = Non-inter-level travel time spent in this place.
 C = Inter-level travel time spent in this place.
 D = Time resting spent in this place.
 E = Time spent auto-exploring this place.
 F = Levels seen in this place.
 G = Mean time per level.
                   A        B        C        D        E       F      G
               +--------+--------+--------+--------+--------+-----+--------+
         Total |   9494 |   8706 |    788 |      0 |   6978 |  13 |  730.3 |
       Dungeon |   9213 |   8482 |    731 |      0 |   6816 |  11 |  837.5 |
        Temple |     59 |      3 |     56 |      0 |      0 |   1 |   59.0 |
         Sewer |    221 |    221 |      0 |      0 |    162 |   1 |  221.0 |
               +--------+--------+--------+--------+--------+-----+--------+

Top non-repeatable levels by time:
     D:1: 1180 daAuts
     D:4: 1169 daAuts
     D:3: 1141 daAuts
     D:9: 1136 daAuts
    D:10: 984 daAuts
     D:7: 938 daAuts
     D:8: 852 daAuts
     D:5: 755 daAuts
     D:2: 519 daAuts
     D:6: 516 daAuts
   Sewer: 221 daAuts
  Temple: 59 daAuts
    D:11: 18 daAuts
